Fragmites, lawful male human Monk ------------ ----- |..........| |...| |..........| |...-# |........[.| 1 2 ###.%).|# ----- #####............## |11 # |...|# #....| ## --.--------- # %$Ud1$ # ---|-## #|...| # # |.@.^% ### #### #|...| ### ###...%1- -----# #### ##|>...## # ------ |...|# # # # ### ----- #### ### |...|# -.-.-## # -|------------ |...-# |....# ##.............| |...| |.<.|############ |........{...| |...-## |.%.+## #####.............| ----- ----- -------------- Fragmites the Monk Experience level: 12 Strength: 18/01 Dexterity: 13 Constitution: 15 Intelligence: 11 Wisdom: 14 Charisma: 12 Health: 0(81) Energy: 74(74) Def: 10 Gold: 160 Moves: 7841 Dungeon seed [set]: Game ID: Fragmites_1701731150 Your Inventory: Coins $ - 160 gold pieces Amulets q - an uncursed amulet of ESP r - an uncursed amulet of reflection Weapons k - 12 uncursed +0 shuriken Armor n - an uncursed +1 robe (being worn) v - an uncursed +0 cloak of invisibility H - an uncursed +0 orcish helm (being worn) K - an uncursed +0 pair of speed boots (being worn) L - an uncursed burnt +2 pair of leather gloves (being worn) Comestibles a - 2 uncursed sprigs of wolfsbane d - 2 uncursed food rations S - an uncursed lizard corpse T - an uncursed lembas wafer Potions p - an uncursed potion of gain energy Rings f - an uncursed ring of regeneration m - an uncursed ring of fire resistance w - an uncursed ring of slow digestion (on right hand) R - an uncursed +1 ring of gain constitution (on left hand) V - an uncursed ring of levitation Wands b - a cursed wand of fire (0:5) c - an uncursed wand of magic missile (0:7) i - an uncursed wand of enlightenment (0:3) t - a cursed wand of polymorph (0:5) x - an uncursed wand of create monster (0:13) y - an uncursed wand of fire (0:7) B - an uncursed wand of teleportation (0:6) E - an uncursed wand of teleportation (0:8) M - an uncursed wand of polymorph (0:5) O - an uncursed wand of death (0:4) P - an uncursed wand of nothing (0:4) U - an uncursed wand of striking (0:6) W - a cursed wand of secret door detection (0:9) Y - an uncursed wand of sleep (0:3) Tools e - an uncursed lock pick g - an uncursed +0 unicorn horn h - an uncursed magic whistle j - an uncursed oil lamp (0:542) l - a blessed bag of holding o - an uncursed skeleton key G - an uncursed sack J - an uncursed towel N - an uncursed magic whistle Z - an uncursed bag of tricks (0:7) Gems u - a blessed touchstone z - a blessed luckstone Contents of the bag of holding: 2600 gold pieces 9 uncursed food rations 6 uncursed lumps of royal jelly a cursed tin [of black unicorn meat] a blessed scroll of confuse monster a [uncursed] scroll of confuse monster 2 uncursed scrolls of earth an uncursed scroll of enchant armor an uncursed scroll of fire 2 [uncursed] scrolls of light 2 uncursed scrolls of remove curse an uncursed scroll of scare monster a [uncursed] scroll of scare monster a [uncursed] scroll of stinking cloud an uncursed scroll of teleportation an uncursed spellbook of cure sickness an uncursed spellbook of detect food an uncursed spellbook of knock an uncursed spellbook of light an uncursed potion of blindness 3 uncursed potions of booze an uncursed potion of enlightenment an uncursed potion of extra healing an uncursed potion of gain energy 2 [uncursed] potions of gain level an uncursed potion of hallucination 5 potions of holy water a [uncursed] potion of invisibility 2 uncursed potions of monster detection 3 [uncursed] potions of object detection a [blessed] potion of oil an uncursed potion of sickness a cursed [-1] ring of gain strength an uncursed ring of see invisible an uncursed ring of see invisible a blessed [+1] ring of stealth an uncursed ring of warning an uncursed [+0] pick-axe Contents of the sack: a blessed scroll of consecration a cursed scroll of destroy armor a blessed scroll of enchant weapon an uncursed scroll of enchant weapon 2 uncursed scrolls of gold detection 2 uncursed scrolls of magic mapping an uncursed scroll of teleportation 2 uncursed scrolls of water 2 uncursed garnets 2 uncursed jacinths 4 uncursed worthless pieces of green glass an uncursed worthless piece of violet glass Spells and supernatural/magical abilities: Name Level Category Fail Memory a - haste self 3 escape 92% 68% b - detect food 2 divination 0% 70% c - fireball 4 attack 92% 71% d - force bolt 1 attack 0% 71% e - create monster 2 clerical 0% 77% f - detect treasure 4 divination 79% 77% g - dig 2 matter 0% 77% h - sleep 2 enchantment 0% 77% i - knock 1 matter 0% 99% j - cure sickness 3 healing 0% 99% k - light 1 divination 0% 99% p - protection 1 clerical 0% 61% W - pray for help -- divine ? -- Your skills at the end: Miscellaneous Skills martial arts [Grand Master] wands [Basic] stealth [Skilled] Weapon Skills shuriken [Basic] Spellcasting Skills healing spells [Basic] divination spells [Basic] Final Attributes: You were fervently aligned. You were fire resistant. You were sleep resistant. You were poison resistant. Your writing hand was cramped from overuse. You saw invisible. You were warned. You had automatic searching. You were stealthy. You had slower digestion. You were protected. You were very fast. You were lucky. You had extra luck. Good luck did not time out for you. You are dead. Vanquished creatures: a vampire lord a clay golem a vampire a queen bee 4 giant mimics an ogre king 2 large mimics a wumpus a long worm a stalker a fire elemental a giant mummy 5 elf-lords a quantum mechanic 7 small mimics a warhorse 2 ettin mummies 3 ogre lords 2 sasquatches a werebear 2 stinking spheres a shocking sphere a large cat 2 tigers 2 crocodiles a chameleon an energy vortex a mountain centaur 3 elf mummies a red naga a black bear an ettin zombie 3 leather golems a soldier a cockatrice 4 wolves a winter wolf cub a black light a lynx a panther a gremlin 2 leprechauns 3 lizards 2 mountain nymphs a mumak 4 giant spiders 2 scorpions an iron piercer a horse 2 ice vortices 2 vampire bats a forest centaur 2 gnome kings a piranha 2 orc mummies 3 dwarf mummies an ogre a brown pudding 2 Green-elves a rust monster 3 owlbears a gold golem a werewolf 2 chickatrices 2 dogs a dingo a housecat 6 jaguars a dwarf lord a blue jelly 3 water nymphs 2 gray unicorns 2 dust vortices a raven a plains centaur 5 gnome mummies 2 Woodland-elves 3 apes a rope golem a soldier ant a fire ant 3 yellow lights a bugbear 3 imps a baby crocodile 3 wood nymphs 7 Mordor orcs 10 Uruk-hai an orc shaman 5 rock moles 2 rock piercers a pony 3 fog clouds a shrieker 2 violet fungi 15 gnome lords 7 gnomish wizards 2 kobold mummies 2 guardian naga hatchlings 2 gray oozes an elf zombie 2 ghouls 13 giant ants 4 puppies 5 floating eyes 2 kittens 5 dwarves 6 homunculi 4 quasits 2 kobold lords 4 iguanas 12 hill orcs 9 rothes 2 centipedes 3 jitterbugs 3 giant bats 8 monkeys 7 orc zombies 6 dwarf zombies a wererat 24 killer bees a coyote 5 gas spores 3 acid blobs 3 large kobolds 8 geckos 3 hobgoblins 5 giant rats 4 brown molds a yellow mold a green mold 57 gnomes 10 garter snakes 4 gnome zombies 13 jackals 2 kobolds 10 newts 7 goblins 12 sewer rats 7 grid bugs 5 lichens 2 kobold zombies 501 creatures vanquished. Voluntary challenges: You followed a strict vegan diet. You did not cause conflict. You were not invisible. You did not have reflection until turn 6285. You were not displaced. You donated to a temple 1 time (receiving 3 points of protection), starting on turn 3710. You received temple protection 1 time, starting on turn 3710. You never hit with a wielded weapon. You did not use plumbed fixtures. You read items or engraved 80 times, starting on turn 1394. You never genocided any monsters. You polymorphed 1 item, starting on turn 4931. You never changed form. You completed Sokoban on turn 6254, according to the rules. You used no wishes. You did not use any artifacts. You never split a pudding. You never wrote Elbereth's name. You never violated your personal moral code. Dungeon overview: The Dungeons of Doom: levels 1 to 15 Level 1 some fountains a long staircase Level 2 an armor shop, a fountain portal to Advent Calendar Level 3 a general store Level 4 an armor shop, a fountain stairs to The Gnomish Mines Level 5 Level 6 an altar to Shan Lai Ching Level 7 a hardware shop, a fountain, a sink Level 8 many fountains Level 9 an altar to Shan Lai Ching, a fountain stairs to Sokoban Level 10 a fountain Level 11 a fountain Level 12 a vault, some fountains Level 13 Level 14 a temple to Huan Ti Level 15 <- You were here a fountain The Gnomish Mines: levels 5 to 12 Level 5 stairs to The Dungeons of Doom Level 6 Level 7 many shops, a temple to Chih Sung-tzu, a magic chest, some fountains, a sink Level 8 Level 9 Level 10 Level 11 Level 12 a magic chest, some fountains Sokoban: levels 5 to 8 Level 5 a magic chest Level 6 Level 7 Level 8 a magic chest stairs to The Dungeons of Doom Advent Calendar: Level 1 many trees portal to The Dungeons of Doom History has recorded: On T:1 you entered the Dungeons of Doom to retrieve the Amulet of Yendor! On T:190 you reached level 2 of The Dungeons of Doom. On T:192 you advanced to experience level 2. On T:292 you advanced to experience level 3. On T:402 you reached level 1 of Advent Calendar. On T:715 you reached level 3 of The Dungeons of Doom. On T:773 you advanced to experience level 4. On T:993 you reached level 4 of The Dungeons of Doom. On T:1059 you advanced to experience level 5. On T:1154 you reached level 1 of The Gnomish Mines. On T:1218 you advanced to experience level 6. On T:1359 you reached level 2 of The Gnomish Mines. On T:1362 you reached level 3 of The Gnomish Mines. On T:1381 you entered the Minetown temple On T:1520 you advanced to experience level 7. On T:1775 you opened a magic chest. On T:1952 you advanced to experience level 8. On T:2101 you reached level 4 of The Gnomish Mines. On T:2294 you reached level 5 of The Gnomish Mines. On T:2347 you reached level 6 of The Gnomish Mines. On T:2494 you reached level 7 of The Gnomish Mines. On T:2548 you reached level 8 of The Gnomish Mines. On T:2548 you reached the bottom of the Mines. On T:2578 you advanced to experience level 9. On T:3921 you reached level 5 of The Dungeons of Doom. On T:3923 you reached level 6 of The Dungeons of Doom. On T:4273 you received an elven mithril-coat from Shan Lai Ching. On T:4287 you reached level 7 of The Dungeons of Doom. On T:4328 you advanced to experience level 10. On T:4416 you reached level 8 of The Dungeons of Doom. On T:4649 you reached level 9 of The Dungeons of Doom. On T:4668 you reached level 10 of The Dungeons of Doom. On T:4698 you reached level 4 of Sokoban. On T:4929 you advanced to experience level 11. On T:5283 you reached level 3 of Sokoban. On T:5533 you reached level 2 of Sokoban. On T:5762 you reached level 1 of Sokoban. On T:6254 you advanced to experience level 12. On T:6254 you entered the Sokoban zoo. On T:6450 you prayed to Shan Lai Ching. On T:6866 you reached level 11 of The Dungeons of Doom. On T:7074 you reached level 12 of The Dungeons of Doom. On T:7281 you reached level 13 of The Dungeons of Doom. On T:7367 you reached level 14 of The Dungeons of Doom. On T:7692 you reached level 15 of The Dungeons of Doom. Score breakdown: Gold: 2760 ( 276 points) Experience: 12 levels ( 1100 points) Exploration: 15 levels ( 420 points) Discoveries: 85 items ( 2000 points) Variety of kills: 142 monsters ( 2000 points) Major goal: Sokoban/Mines ( 1500 points) Survival: died (score multiplied by 3) Total score: 21888 Latest messages: You strike the giant spider! You kill the giant spider! $ - 75 gold pieces. You are stuck to the web. The leprechaun zaps herself with a spiked wand! The leprechaun turns transparent! You disentangle yourself. The invisible leprechaun zaps a wand of make invisible! You stop running. You move more freely. You see here 28 gold pieces. The invisible leprechaun zaps a wand of make invisible! $ - 28 gold pieces. There are a few objects here. The dire bear picks up a green gem. You kill the invisible gecko! The dire bear mauls you! (2x) The dire bear bites! You strike the dire bear! The dire bear mauls you! (2x) The dire bear bites! You die... Final status: Goodbye Fragmites the Monk, killed by a dire bear... You died in The Dungeons of Doom on dungeon level 15 with 21888 points, and 2760 pieces of gold, after 7841 moves. You were level 12 with a maximum of 81 hit points when you died.